 Dungeon Crawl Stone Soup version 0.28-a0-604-g249bb1af34 (webtiles) character file.

Game seed: 8958765370990229017

25520 KristoblXynda the Carver (level 12, -4/106 HPs)
             Began as a Black Draconian Gladiator on Oct 5, 2021.
             Was a Follower of Uskayaw.
             Slain by a skeletal warrior (10 damage)
             ... on level 13 of the Dungeon.
             The game lasted 00:20:40 (18151 turns).

KristoblXynda the Carver (DrGl)                    Turns: 18151, Time: 00:20:40

Health: -4/106     AC: 11    Str: 24    XL:     12   Next: 90%
Magic:  24/24      EV: 17    Int: 11    God:    Uskayaw [*.....]
Gold:   365        SH:  5    Dex: 14    Spells: 7/11 levels left

rFire   . . .      SeeInvis .   r - +5 demon blade (spect)
rCold   . . .      Faith    .   G - +0 buckler
rNeg    . . .      Spirit   .   (armour unavailable)
rPois   .          Reflect  .   x - +1 hat
rElec   +          Harm     .   i - scarf {shadows}
rCorr   .          Rampage  .   w - +0 pair of gloves
Will    .....                   q - +0 pair of boots
Stlth   +.........              k - amulet of magic regeneration
HPRegen 0.27/turn               A - +6 ring of strength
MPRegen 0.44/turn               s - ring of magical power

@: no status effects
A: breathe lightning, AC +8, unfitting armour, electricity resistance,
cold-blooded
a: Breathe Lightning, Renounce Religion, Stomp


You were on level 13 of the Dungeon.
You worshipped Uskayaw.
Uskayaw was noncommittal.
You visited 2 branches of the dungeon, and saw 14 of its levels.

You collected 769 gold pieces.
You spent 404 gold pieces at shops.

Inventory:

Hand Weapons
 r - a +5 spectral demon blade (weapon)
 u - a +2 scimitar of flaming
Missiles
 c - 3 throwing nets (quivered)
Armour
 i - a scarf of shadows (worn)
 q - a +0 pair of boots (worn)
 w - a +0 pair of gloves (worn)
 x - a +1 hat (worn)
 G - a +0 buckler (worn)
Jewellery
 e - a ring of flight
 g - a +6 ring of intelligence
 k - an amulet of magic regeneration (around neck)
 s - a ring of magical power (right hand)
 A - a +6 ring of strength (left hand)
Wands
 v - a wand of mindburst (15)
 y - a wand of paralysis (3)
 E - a wand of acid (10)
 F - a wand of iceblast (10)
Scrolls
 d - 2 scrolls of amnesia {unknown}
 j - a scroll of torment {unknown}
 l - a scroll of fog {unknown}
 m - a scroll of fear
Potions
 a - a potion of lignification {unknown}
 b - 3 potions of might
 f - 5 potions of curing
 h - 4 potions of haste
 n - 2 potions of attraction
 o - a potion of ambrosia
 p - 2 potions of resistance
 t - 3 potions of heal wounds
 B - 3 potions of brilliance
 D - a potion of mutation
 H - a potion of invisibility {unknown}
 I - a potion of magic {unknown}
 K - a potion of flight {unknown}


   Skills:
 - Level 10.0 Fighting
 + Level 13.4 Long Blades
 - Level 2.0 Throwing
 + Level 10.8 Dodging
 + Level 3.9 Shields
 - Level 5.3 Invocations
 + Level 8.3 Evocations


You had 7 spell levels left.
You knew the following spells:

 Your Spells              Type           Power      Damage    Failure   Level
a - Petrify               Tmut/Erth      0%         N/A       98%         4

Your spell library contained the following spells:

 Spells                   Type           Power      Damage    Failure   Level
 Animate Skeleton         Necr           0%         N/A       34%         1
 Apportation              Tloc           0%         N/A       34%         1
 Summon Small Mammal      Summ           0%         N/A       34%         1
 Blink                    Tloc           N/A        N/A       47%         2
 Corpse Rot               Necr/Air       N/A        N/A       47%         2
 Poisonous Vapours        Pois/Air       0%         N/A       47%         2
 Slow                     Hex            0%         N/A       47%         2
 Sublimation of Blood     Necr           0%         N/A       47%         2
 Confusing Touch          Hex            0%         N/A       71%         3
 Mephitic Cloud           Conj/Pois/Air  0%         N/A       71%         3
 Ozocubu's Armour         Ice            0%         N/A       71%         3
 Swiftness                Air            0%         N/A       71%         3
 Freezing Cloud           Conj/Ice/Air   0%         6-21      100%        5
 Irradiate                Conj/Tmut      0%         3d13      100%        5
 Manifold Assault         Tloc           0%         N/A       100%        5
 Metabolic Englaciation   Hex/Ice        0%         N/A       100%        5
 Yara's Violent Unravell  Hex/Tmut       0%         3d3       100%        5
 Simulacrum               Ice/Necr       0%         N/A       100%        6
 Storm Form               Tmut/Air       0%         N/A       100%        7


Dungeon Overview and Level Annotations

Branches:
Dungeon (13/15)            Temple (1/1) D:6            Lair (0/6) D:11
    Orc (0/2) D:11
 Vaults: D:13-14

Altars:
Ashenzari
Cheibriados
Dithmenos
Elyvilon
Fedhas
Gozag
Hepliaklqana
Kikubaaqudgha
Makhleb
Nemelex Xobeh
Okawaru
Qazlal
Ru
Sif Muna
Trog
Uskayaw
Vehumet
Wu Jian
Xom
Yredelemnul
Zin
The Shining One

Shops:
D:3 :   D:4 [   D:12 *(

Annotations:
D:9 2 transporters, exclusions: ice statue and oklob plant, Veteran's ghost, novice DDFi
D:10 1 runed translucent door


Innate Abilities, Weirdness & Mutations

You can breathe wild blasts of lightning.
Your glossy black scales are hard. (AC +8)
You cannot fit into any form of body armour.
You are resistant to electric shocks. (rElec)
You are cold-blooded and may be slowed by cold attacks.


Message History

You struggle against the net.
The skeletal warrior hits you with a +0 mace!
You shred the net and break free!
The skeletal warrior closely misses you.
The skeletal warrior misses you. The skeletal warrior misses you.
You barely miss the skeletal warrior.
Your +5 spectral demon blade hits the skeletal warrior!
The skeletal warrior barely misses you.
You block the skeletal warrior's attack.
You slash the skeletal warrior!
The skeletal warrior is moderately damaged.
Your +5 spectral demon blade hits the skeletal warrior!!
The skeletal warrior hits you from afar with a +0 glaive.
The skeletal warrior hits you with a +0 mace.
You barely miss the skeletal warrior.
The skeletal warrior is heavily damaged.
Your +5 spectral demon blade hits the skeletal warrior.
You catch the helpless skeletal warrior completely off-guard!
You hit the skeletal warrior.
The skeletal warrior is severely damaged.
Your +5 spectral demon blade hits the skeletal warrior!!
You destroy the skeletal warrior!
The skeletal warrior hits you from afar with a +0 glaive!
You swap places.
The skeletal warrior hits you with a +0 glaive!!
You see here a +0 mace.
You slash the skeletal warrior!
You tail-slap the skeletal warrior, but do no damage.
The skeletal warrior is lightly damaged.
Your +5 spectral demon blade hits the skeletal warrior.
The skeletal warrior hits you with a +0 glaive!!
* * * LOW HITPOINT WARNING * * *
You hit the skeletal warrior but do no damage.
The skeletal warrior is lightly damaged.
Your +5 spectral demon blade hits the skeletal warrior!
The skeletal warrior hits you from afar with a +0 glaive!!
* * * LOW HITPOINT WARNING * * *
The skeletal warrior hits you from afar with a +0 glaive!
You die...

#.....)...# #......##
#.#.##### #####..###
#.#.# #######..... #.#.#
#........[.. #)#.#######
#.#####..##.
#.........###.#####..##.
#...####.............##.
#...####..###.#####.....
#......@...##.### ##.##.
#........zz.....####.##.
##.#####...##.#......##.
#......................
#######.............##.
######.....).....
#####>..#.#. #.#...#.
#.####..


You could see 2 skeletal warriors.

Vanquished Creatures
  Josephine (D:13)
  2 boulder beetles
  2 hydras
  A death knight (D:11)
  2 two-headed ogres (D:11)
  A tengu warrior (D:13)
  The ghost of Heedrag the Cleaver, a novice MiFi (D:8)
  2 skeletal warriors
  2 phantasmal warriors (D:11)
  2 cyclopes
  A manticore (D:12)
  A moth of wrath (D:8)
  A gargoyle (D:12)
  2 efreet (D:13)
  2 unseen horrors (D:12)
  4 kobold demonologists
  A komodo dragon (D:11)
  A troll (D:12)
  Grinder (D:6)
  Sigmund (D:6)
  A vampire (D:10)
  8 wraiths
  3 shadows (D:11)
  A wyvern (D:10)
  A human (D:7)
  19 yaks
  10 vampire mosquitoes
  2 steam dragons (D:9)
  2 water moccasins
  2 acid dragons
  4 orc warriors
  6 black bears
  8 ogres
  A hornet zombie (D:9)
  4 centaurs
  4 necrophages
  2 phantoms
  6 kobold brigands
  4 gnoll sergeants
  A bullfrog (D:11)
  2 wyvern zombies
  2 water moccasin skeletons (D:5)
  A troll zombie (D:11)
  13 killer bees
  4 howler monkeys
  A bullfrog zombie (D:7)
  3 centaur zombies
  2 bullfrog skeletons
  A jelly (D:5)
  3 hounds
  8 orc priests
  An iguana (D:5)
  2 centaur skeletons
  A gnoll shaman (D:8)
  7 orc wizards
  7 ogre zombies (D:11)
  2 howler monkey zombies
  2 howler monkey skeletons (D:6)
  14 gnolls
  8 adders
  A shadow imp (D:5)
  An ufetubus (D:4)
  4 worms
  3 dart slugs
  16 orcs
  7 endoplasms
  2 giant cockroaches
  11 hobgoblins
  11 jackals
  28 kobolds
  4 quokkas
  6 ball pythons
  2 bats
  3 frilled lizards
  4 goblins
  3 goblin zombies (D:11)
  3 hobgoblin skeletons (D:11)
  2 hobgoblin zombies (D:11)
  2 orc skeletons (D:11)
  15 orc zombies (D:11)
  3 rats
335 creatures vanquished.

Vanquished Creatures (others)
  53 fungi (D:11)
  51 plants
104 creatures vanquished.

Grand Total: 439 creatures vanquished

Notes
Turn   | Place    | Note
-------+----------+-------------------------------------------
     0 | D:1      | KristoblXynda the Draconian Gladiator began the quest for
                  | the Orb.
     0 | D:1      | Reached XP level 1. HP: 17/17 MP: 1/1
    11 | D:1      | Noticed a centaur
    49 | D:1      | Reached XP level 2. HP: 20/25 MP: 2/2
  1143 | D:2      | Reached XP level 3. HP: 30/30 MP: 3/3
  1240 | D:2      | Found a faded altar of an unknown god.
  1969 | D:3      | Found a stormy altar of Qazlal.
  2261 | D:3      | Reached XP level 4. HP: 37/37 MP: 1/4
  2278 | D:3      | Reached skill level 4 in Long Blades
  2480 | D:3      | Found Huczy's Book Emporium.
  2570 | D:3      | Noticed a phantom
  2580 | D:3      | Killed a phantom
  2581 | D:3      | Reached XP level 5. HP: 29/45 MP: 1/5
  3045 | D:4      | Found a hazy altar of Hepliaklqana.
  3296 | D:4      | Found an ornate altar of the Wu Jian Council.
  3342 | D:4      | Reached skill level 5 in Long Blades
  3491 | D:4      | Noticed a necrophage
  3501 | D:4      | Killed a necrophage
  3502 | D:4      | Reached XP level 6. HP: 43/52 MP: 2/6
  3687 | D:4      | Found Yntopnoa's Antique Armour Shop.
  4082 | D:5      | Entered Level 5 of the Dungeon
  4267 | D:5      | Your scales start taking on a glossy black colour.
  4267 | D:5      | Reached XP level 7. HP: 60/60 MP: 2/7
  4267 | D:5      | Gained mutation: You are resistant to electric shocks.
                  | (rElec) [Black Draconian growth]
  4314 | D:5      | Reached skill level 6 in Long Blades
  4721 | D:5      | Reached skill level 5 in Fighting
  4960 | D:5      | Reached skill level 7 in Long Blades
  5021 | D:5      | Reached skill level 5 in Dodging
  5072 | D:5      | Reached XP level 8. HP: 67/69 MP: 5/8
  5754 | D:5      | Reached skill level 8 in Long Blades
  6057 | D:6      | Noticed Sigmund
  6065 | D:6      | Killed Sigmund
  6216 | D:4      | Bought a glowing hat for 161 gold pieces
  6287 | D:6      | Reached XP level 9. HP: 64/78 MP: 6/9
  6355 | D:6      | Found a staircase to the Ecumenical Temple.
  6399 | Temple   | Entered the Ecumenical Temple
  6640 | Temple   | Became a worshipper of Uskayaw the Reveller
  6670 | D:6      | Noticed Grinder
  6674 | D:6      | Reached * piety under Uskayaw
  6677 | D:6      | Killed Grinder
  6677 | D:6      | Reached ** piety under Uskayaw
  6678 | D:6      | Reached skill level 9 in Long Blades
  6811 | D:6      | Found a shadowy altar of Dithmenos.
  6944 | D:6      | Found a sacrificial altar of Ru.
  6963 | D:6      | Identified the +8 dagger of Wymoxkud {vorpal, Str-5 Dex+8}
  7188 | D:7      | Found a blossoming altar of Fedhas.
  7645 | D:7      | Found a runed translucent door.
  7670 | D:7      | Found a basalt altar of Yredelemnul.
  7673 | D:7      | Got the Guide on Flight and the Glacier
  7988 | D:8      | Found Zin's Purification Station.
  7992 | D:8      | Found a glowing silver altar of Zin.
  7995 | D:8      | Bought a potion of curing for 90 gold pieces
  8011 | D:8      | Reached skill level 10 in Long Blades
  8011 | D:8      | Reached *** piety under Uskayaw
  8014 | D:8      | Reached **** piety under Uskayaw
  8131 | D:8      | Reached skill level 1 in Invocations
  8135 | D:8      | Reached ***** piety under Uskayaw
  8424 | D:8      | Found a burning altar of Makhleb.
  8459 | D:8      | Noticed a moth of wrath
  8460 | D:8      | Noticed Heedrag's ghost (novice MiFi)
  8473 | D:8      | Found a transporter.
  8490 | D:8      | Found a transporter.
  9184 | D:9      | Reached XP level 10. HP: 63/88 MP: 6/11
  9388 | D:9      | Noticed an ice statue
  9394 | D:9      | Noticed a manticore
  9396 | D:9      | Noticed an oklob plant
  9405 | D:9      | Found a transporter.
  9406 | D:9      | Noticed Veteran's ghost (novice DDFi)
  9421 | D:9      | Reached skill level 1 in Shields
  9735 | D:9      | Found a white marble altar of Elyvilon.
  9830 | D:9      | Found a transporter.
 10211 | D:9      | Noticed a seven-headed hydra
 10598 | D:9      | Noticed a cyclops
 10621 | D:9      | Killed a one-headed hydra
 10622 | D:9      | Reached skill level 1 in Evocations
 11149 | D:9      | Reached skill level 11 in Long Blades
 11374 | D:9      | Found a shimmering altar of Xom.
 11454 | D:10     | Entered Level 10 of the Dungeon
 11472 | D:10     | Reached skill level 5 in Invocations
 11743 | D:10     | Found a runed translucent door.
 12164 | D:10     | Found a radiant altar of Vehumet.
 12552 | D:10     | Found a shimmering blue altar of Sif Muna.
 12600 | D:10     | Reached XP level 11. HP: 78/94 MP: 7/14
 12974 | D:8      | Found a bloodstained altar of Trog.
 13062 | D:8      | Killed Heedrag's ghost
 13761 | D:11     | Noticed a boulder beetle
 13774 | D:11     | Killed a boulder beetle
 14080 | D:11     | Noticed a phantasmal warrior
 14081 | D:11     | Found a staircase to the Lair.
 14088 | D:11     | Reached skill level 5 in Evocations
 14089 | D:11     | Killed a phantasmal warrior
 14099 | D:11     | Noticed a skeletal warrior
 14150 | D:11     | Killed a skeletal warrior
 14151 | D:11     | Reached skill level 12 in Long Blades
 14154 | D:11     | Noticed a phantasmal warrior
 14288 | D:11     | Noticed a two-headed ogre
 14297 | D:11     | Killed a two-headed ogre
 14544 | D:11     | Noticed a death knight
 14551 | D:11     | Killed a death knight
 14555 | D:11     | Killed a phantasmal warrior
 14556 | D:11     | Reached XP level 12. HP: 36/106 MP: 15/15
 14579 | D:11     | Found a staircase to the Orcish Mines.
 14653 | D:11     | Noticed a two-headed ogre
 14659 | D:11     | Killed a two-headed ogre
 14660 | D:11     | Reached skill level 10 in Fighting
 15657 | D:12     | Reached skill level 10 in Dodging
 16306 | D:12     | Noticed an eight-headed hydra
 16312 | D:12     | Killed a five-headed hydra
 16558 | D:12     | Reached skill level 13 in Long Blades
 16697 | D:12     | Noticed a boulder beetle
 16703 | D:12     | Killed a boulder beetle
 16784 | D:12     | Found Zic Ypni's Antique Weapon Shoppe.
 16926 | D:12     | Found Sobekh's Mayhem Merchandise.
 16933 | D:12     | Bought a wand of iceblast (5) for 153 gold pieces
 16950 | D:12     | Learned a level 4 spell: Petrify
 17174 | D:13     | Noticed Josephine
 17181 | D:13     | Killed Josephine
 17184 | D:13     | Noticed a tengu warrior
 17206 | D:13     | Killed a tengu warrior
 17207 | D:13     | Reached ****** piety under Uskayaw
 18141 | D:13     | HP: 4/106 [skeletal warrior (19)]
 18151 | D:13     | Slain by a skeletal warrior

Illustrated notes

Levels and vault maps discovered:
D:1:      evilmike_arrival_come_back, layout_rooms, minmay_stone_trees_medium
D:2:      layout_basic, basic_ecumenical_altar, st_stairs_13
D:3:      layout_loops_ring, lemuel_tele_altar, serial_shops, shop_statue,
          serial_bayou_pond_a
D:4:      layout_loops_ring, nzn_wu_jian_contemplation,
          nzn_hepliaklqana_mist_gate, serial_shops, shop, minmay_misc_feat_alley
D:5:      layout_basic, minmay_starry_boxes
D:6:      layout_rooms, grunt_dithmenos_shadows, lemuel_round_altar,
          minmay_temple_entry_statues_fountains, minivault_24, uniq_sigmund,
          uniq_grinder
D:7:      layout_loops_ring, fedhas_altar_4, dk_yredelemnul_ordeal
D:8:      layout_rooms, lemuel_round_altar, zin_purify,
          gammafunk_ghost_wrathful_warriors
D:9:      nzn_ghost_randoct, layout_cave_pools, elyvilon_altar_1,
          mainiacjoe_overflow_alcove_1, minmay_increasing_density
D:10:     gammafunk_mikee_crab_dinner, layout_cave_pools,
          mainiacjoe_overflow_chevrons, nicolae_sif_muna_condensation,
          moated_statue, kennysheep_generic_room_11
D:11:     layout_rooms, due_lair_maze_entry_diamond, zombieorc2_lemuel
D:12:     layout_stronghold, serial_shops, kennysheep_little_box,
          minmay_shop_mayhem
D:13:     layout_loops_ring, uniq_josephine
Temple:   nicolae_temple_figure_zero

Skill      XL: |  1  2  3  4  5  6  7  8  9 10 11 12 |
---------------+-------------------------------------+-----
Throwing       | 2 |  2.0
Dodging        | 3 4 5 6 7 8 9 10 | 10.8
Fighting       | 3 4 5 6 8 9 10 | 10.0
Long Blades    | 4 5 7 8 10 11 12 13 | 13.4
Invocations    | 2 5 |  5.3
Shields        | 2 3 |  3.9
Evocations     | 3 6 8 |  8.3

Action                   |  1- 3 |  4- 6 |  7- 9 | 10-12 || total
-------------------------+-------+-------+-------+-------++-------
Melee: Long sword        |   122 |       |       |       ||   122
       Tailslap          |    19 |    12 |    32 |    86 ||   149
       Short sword       |     2 |       |       |       ||     2
       Demon blade       |     1 |   123 |   274 |   452 ||   850
       Great sword       |       |       |       |    15 ||    15
 Abil: Breathe Lightning |       |       |     1 |       ||     1
Evoke: Wand              |       |       |       |     7 ||     7
  Use: Scroll            |     1 |     3 |    10 |    11 ||    25
       Potion            |       |       |     1 |       ||     1
 Stab: Sleeping          |     1 |     2 |       |     2 ||     5
       Paralysed         |       |       |     7 |    33 ||    40
       Distracted        |       |       |       |     8 ||     8
Armor: Skin              |    37 |    28 |    71 |   139 ||   275
Dodge: Dodged            |    67 |    95 |   174 |   290 ||   626
Block: Buckler           |       |       |       |    12 ||    12

Table legend: (Time is in decaauts)
 A = Elapsed time spent in this place.
 B = Non-inter-level travel time spent in this place.
 C = Inter-level travel time spent in this place.
 D = Time resting spent in this place.
 E = Time spent auto-exploring this place.
 F = Levels seen in this place.
 G = Mean time per level.
                   A        B        C        D        E       F      G
               +--------+--------+--------+--------+--------+-----+--------+
         Total |  18054 |  17420 |    634 |   5776 |   9212 |  14 | 1289.6 |
       Dungeon |  17799 |  17177 |    622 |   5676 |   9099 |  13 | 1369.2 |
        Temple |    254 |    242 |     12 |    100 |    113 |   1 |  254.0 |
               +--------+--------+--------+--------+--------+-----+--------+

Top non-repeatable levels by time:
     D:9: 2311 daAuts
    D:10: 1993 daAuts
    D:12: 1814 daAuts
     D:8: 1789 daAuts
     D:5: 1656 daAuts
     D:4: 1367 daAuts
    D:11: 1201 daAuts
     D:2: 1187 daAuts
    D:13: 1138 daAuts
     D:3: 1038 daAuts
     D:1: 803 daAuts
     D:6: 770 daAuts
     D:7: 726 daAuts
  Temple: 254 daAuts
